 Dungeon Crawl Stone Soup version 0.27-a0-931-g5a74e75d8f (webtiles) character file.

Game seed: 17215311830750217046

10 Alarkh the Insei (level 2, 22/22 HPs)
             Began as a Demonspawn Gladiator on Apr 10, 2021.
             Got out of the dungeon alive.
             The game lasted 00:00:20 (638 turns).

Alarkh the Insei (Demonspawn Gladiator)              Turns: 638, Time: 00:00:21

Health: 22/22      AC:  3    Str: 14    XL:     2   Next: 10%
Magic:  2/2        EV: 12    Int:  9    God:
Gold:   40         SH:  0    Dex: 14    Spells: 1/1 levels left

rFire    . . .     SeeInvis .     - Unarmed
rCold    . . .     Faith    .   (no shield)
rNeg     . . .     Spirit   .   a - +0 leather armour
rPois    .         Reflect  .   (helmet restricted)
rElec    .         Harm     .   (no cloak)
rCorr    .         Rampage  .   (no gloves)
Will     .....                  (no boots)
Stlth    +.........             (no amulet)
HPRegen  0.07/turn              (no ring)
MPRegen  0.08/turn              (no ring)

@: no status effects
A: horns 1
a: no special abilities


You escaped.
You visited 1 branch of the dungeon, and saw 1 of its levels.

You collected 40 gold pieces.

Inventory:

Missiles
 c - 3 throwing nets (quivered)
Armour
 a - a +0 leather armour (worn)
 b - a +0 helmet
Scrolls
 f - a scroll of immolation {unknown}
Potions
 d - a potion of ambrosia {unknown}
 e - 2 potions of curing {unknown}


   Skills:
 + Level 2.2 Fighting
 - Level 1.7 Throwing
 - Level 2.6 Dodging
 * Level 3.1 Unarmed Combat


You had one spell level left.
You didn't know any spells.
Your spell library was empty.

Dungeon Overview and Level Annotations

Branches:
Dungeon (1/15)

Altars:


Innate Abilities, Weirdness & Mutations

You have a pair of small horns on your head.


Message History

The bat closely misses you.
Unknown command.
The bat barely misses you. The bat barely misses you.
The bat closely misses you. The bat hits you but does no damage.
You closely miss the bat. The bat misses you. The bat barely misses you.
You miss the bat. The bat hits you but does no damage.
The bat hits you but does no damage. x2
You barely miss the bat. The bat barely misses you.
The bat hits you but does no damage.
You hit the bat.
The bat is severely wounded.
The bat misses you. The bat barely misses you.
Unknown command.
You closely miss the bat.
The bat is severely wounded.
The bat barely misses you.
You closely miss the bat.
The bat is severely wounded.
The bat hits you but does no damage.
You hit the bat but do no damage. Your headbutt misses the bat.
The bat is severely wounded.
The bat closely misses you. The bat closely misses you.
The bat barely misses you. The bat hits you but does no damage.
The bat closely misses you.
You barely miss the bat.
The bat is severely wounded.
The bat closely misses you. The bat barely misses you.
The bat hits you but does no damage.
You hit the bat.
You kill the bat!
No target in view!
No target in view!
Unknown command.
There is a staircase leading out of the dungeon here.
Are you sure you want to leave the Dungeon?
This will make you lose the game!
You have escaped!

......'.........+ ....#...
...####.........# .#(###.# #.##
##.......##### ....#... #.#
##........... ##..8...8.
#.########...♣♣♣♣♣♣♣♣♣ #.....#...
#.......##..♣..PP..PP♣..... ###.
...####.###.♣...P..PP♣.#... #..
#........#..♣P...PP..♣.##.# #..
#..####..#..♣PP.@.P..♣.##.#####..
#..#........♣..P...PP♣...........
#..#.##.....♣..PP...P♣..#..#.#...
.....##..#..♣PP..P...♣.....#.#..[
#..####..##.♣PP..PP..♣...###.###.
#... ....##.♣♣♣♣♣♣♣♣♣....#.....#.
##.......##............#.#######.
##########.##.####.####.≈≈≈≈≈≈≈.
#....# #.......#######.


There were no monsters in sight!

Vanquished Creatures
  A dart slug (D:1)
  A bat (D:1)
  A goblin (D:1)
  2 hobgoblins (D:1)
  2 kobolds (D:1)
7 creatures vanquished.

Notes
Turn   | Place    | Note
-------+----------+-------------------------------------------
     0 | D:1      | Alarkh the Demonspawn Gladiator began the quest for the
                  | Orb.
     0 | D:1      | Reached XP level 1. HP: 16/16 MP: 1/1
    82 | D:1      | Found a faded altar of an unknown god.
   464 | D:1      | Reached skill level 3 in Unarmed Combat
   533 | D:1      | Gained mutation: You have a pair of small horns on your
                  | head. [demonic ancestry]
   533 | D:1      | Reached XP level 2. HP: 20/22 MP: 2/2
   638 | D:$      | Got out of the dungeon alive.

Illustrated notes

Levels and vault maps discovered:
D:1:      scummos_arrival_checkerplants, layout_loops_corners,
          basic_ecumenical_altar, minmay_misc_feat_rugged,
          minmay_misc_feat_four_crosses, grunt_decor_cap

Skill      XL: |  1 |
---------------+----+-----
Unarmed Combat | 3 |  3.1
Fighting       | |  2.2
Throwing       | |  1.7
Dodging        | |  2.6

Action                   || total
-------------------------++-------
Melee: Unarmed           ||    42
Armor: Leather armour    ||    12
Dodge: Dodged            ||    37

Table legend: (Time is in decaauts)
 A = Elapsed time spent in this place.
 B = Non-inter-level travel time spent in this place.
 C = Inter-level travel time spent in this place.
 D = Time resting spent in this place.
 E = Time spent auto-exploring this place.
 F = Levels seen in this place.
 G = Mean time per level.
                   A        B        C        D        E       F      G
               +--------+--------+--------+--------+--------+-----+--------+
         Total |    636 |    559 |     77 |      0 |    479 |   1 |  636.0 |
       Dungeon |    636 |    559 |     77 |      0 |    479 |   1 |  636.0 |
               +--------+--------+--------+--------+--------+-----+--------+

Top non-repeatable levels by time:
     D:1: 636 daAuts
